 Dungeon Crawl Stone Soup version 0.26.1-2-gb8aa6d0cf2 (webtiles) character file.

Game seed: 15814244296447310464

4214 pkoi the Transmogrifier (level 10, -3/80 HPs)
             Began as a Black Draconian Transmuter on Feb 28, 2021.
             Was a Priest of Dithmenos.
             Killed themself with a bounced orb of electricity (11 damage)
             ... on level 8 of the Dungeon.
             The game lasted 00:13:13 (11009 turns).

pkoi the Transmogrifier (DrTm)                     Turns: 11009, Time: 00:13:14

Health: -3/80      AC:  8    Str: 14    XL:     10   Next: 9%
Magic:  13/13      EV: 15    Int: 16    God:    Dithmenos [***...]
Gold:   365        SH:  0    Dex: 17    Spells: 3/14 levels left

rFire    . . .     SeeInvis .     - Unarmed
rCold    . . .     Faith    .   (no shield)
rNeg     . . .     Spirit   .   (armour unavailable)
rPois    +         Reflect  .   (helmet restricted)
rElec    +         Harm     .   o - scarf {repulsion}
rCorr    .         Rampage  .   d - +0 pair of gloves
Will     .....                  (no boots)
Stlth    ++........             (no amulet)
HPRegen  0.23/turn              c - +6 ring of dexterity
MPRegen  0.13/turn              m - ring of poison resistance

@: wreathed by umbra, repel missiles
A: breathe lightning, unfitting armour, electricity resistance, cold-blooded, AC
+7
a: Breathe Lightning, Renounce Religion, Shadow Step


You were on level 8 of the Dungeon.
You worshipped Dithmenos.
Dithmenos was most pleased with you.
You visited 2 branches of the dungeon, and saw 9 of its levels.

You collected 365 gold pieces.

Inventory:

Missiles
 k - 19 poisoned darts
Armour
 d - a +0 pair of gloves (worn)
 o - a scarf of repulsion (worn)
Jewellery
 c - a +6 ring of dexterity (left hand)
 m - a ring of poison resistance (right hand)
 n - a +6 ring of dexterity
 q - an uncursed ring of fire
 t - the amulet "Basetoaj" {Acrobat Will+ Dex+5, unknown}
   (You found it on level 6 of the Dungeon)

   [amulet of the acrobat]

   It helps you evade while moving and waiting.
   It affects your dexterity (+5).
   It affects your willpower, your defense against some magical effects.
Wands
 i - a wand of iceblast (10)
 u - a wand of random effects (18)
 v - a wand of polymorph (4)
Scrolls
 e - 4 scrolls of remove curse
 f - 6 scrolls of identify
 h - 2 scrolls of fear
 j - 2 scrolls of fog
 p - 3 scrolls of teleportation
 r - a scroll of magic mapping {unknown}
 s - a scroll of amnesia
Potions
 a - 2 potions of haste {unknown}
 b - 2 potions of curing
 g - a potion of invisibility
 l - 2 potions of attraction {unknown}


   Skills:
 + Level 4.3 Fighting
 + Level 5.1 Dodging
 + Level 8.6 Unarmed Combat
 + Level 2.5 Spellcasting
 * Level 9.1 Transmutations
 - Level 3.0 Air Magic
 - Level 4.0 Poison Magic


You had 3 spell levels left.
You knew the following spells:

 Your Spells              Type           Power        Failure   Level
a - Beastly Appendage     Tmut           62%          1%          1
b - Spider Form           Tmut/Pois      11%          4%          3
c - Swiftness             Air            11%          9%          2
d - Blade Hands           Tmut           15%          13%         5

Your spell library contained the following spells:

 Spells                   Type           Power        Failure   Level
 Wereblood                Tmut           31%          1%          2
 Shock                    Conj/Air       24%          11%         1
 Static Discharge         Conj/Air       6%           32%         3
 Ice Form                 Ice/Tmut       16%          30%         4
 Airstrike                Air            5%           50%         4
 Lightning Bolt           Conj/Air       3%           96%         5


Dungeon Overview and Level Annotations

Branches:
Dungeon (8/15)             Temple (1/1) D:4
   Lair: D:8-11

Altars:
Cheibriados
Dithmenos
Elyvilon
Fedhas
Gozag
Hepliaklqana
Kikubaaqudgha
Makhleb
Nemelex Xobeh
Okawaru
Qazlal
Ru
Sif Muna
Trog
Uskayaw
Vehumet
Wu Jian
Xom
Yredelemnul
The Shining One


Innate Abilities, Weirdness & Mutations

You can breathe wild blasts of lightning.
Your glossy black scales are hard. (AC +7)
You cannot fit into any form of body armour.
You are resistant to electric shocks. (rElec)
You are cold-blooded and may be slowed by cold attacks.


Message History

The gnoll hits you with a +0 flail!
* * * LOW HITPOINT WARNING * * *
The gnoll closely misses you.
You breathe a wild blast of lightning!
The orb of electricity explodes!
The orb of electricity engulfs you! You resist.
* * * LOW HITPOINT WARNING * * *
The orb of electricity engulfs the gnoll!!
You kill the gnoll!
Dithmenos accepts your kill.
The orb of electricity engulfs the gnoll!
The gnoll is almost dead.
The orb of electricity engulfs the gnoll!!
You kill the gnoll!
Dithmenos accepts your kill.
The orb of electricity engulfs the gnoll!
You kill the gnoll!
Dithmenos accepts your kill.
The orb of electricity explodes!
The orb of electricity engulfs you! You resist.
You die...

#...# ###.#.#
#.......... ....#.#
?......... .#....#
.......... ##.#..#
#........# ......##
##........## .......#
#..).......# .).....#
#.).)......# †).....####
#.)@g......# .....#....#
#..(.......#
.....#..#.##
#..........#
#.....)....####........#
#.#...#.....####.(....##
..###))......# ####..##
### ###....#.# ##..# #
#.#.##.# #...# #
#....^.## #.#.#


You could see a gnoll.

Vanquished Creatures
  Grinder (D:3)
  Prince Ribbit (D:5)
  Sigmund (D:3)
  Menkaure (D:5)
  Duvessa (D:5)
  3 sky beasts
  2 black bears
  2 phantoms
  4 ogres
  2 centaurs (D:8)
  3 big kobolds
  5 bullfrogs
  A water moccasin zombie (D:7)
  Dowan (D:5)
  5 killer bees
  4 scorpions
  2 howler monkeys
  A quasit (D:8)
  A centaur zombie (D:6)
  2 hounds
  4 jellies
  Crazy Yiuf (D:5)
  A gnoll shaman (D:5)
  A centaur skeleton (D:6)
  2 orc priests
  6 orc wizards
  Ijyb (D:3)
  Natasha (thrice) (D:4 D:3)
  2 iguanas
  5 worker ants
  12 gnolls
  11 adders
  2 shadow imps
  2 oozes
  An adder skeleton (D:2)
  2 worms (D:2)
  A dart slug (D:3)
  4 leopard geckos
  23 orcs
  4 giant cockroaches
  4 goblins
  8 hobgoblins
  12 jackals
  4 quokkas
  8 bats
  2 frilled lizards (D:1)
  23 kobolds
  A quokka skeleton (D:5)
  A quokka zombie (D:8)
  10 rats
204 creatures vanquished.

Notes
Turn   | Place    | Note
-------+----------+-------------------------------------------
     0 | D:1      | pkoi the Draconian Transmuter began the quest for the Orb.
     0 | D:1      | Reached XP level 1. HP: 16/16 MP: 3/3
   212 | D:1      | Reached XP level 2. HP: 20/23 MP: 5/5
   761 | D:2      | Reached XP level 3. HP: 18/28 MP: 6/6
   972 | D:2      | Learned a level 3 spell: Spider Form
  1452 | D:2      | Found a shadowy altar of Dithmenos.
  1453 | D:2      | Found a snail-covered altar of Cheibriados.
  1453 | D:2      | Found a radiant altar of Vehumet.
  1753 | D:2      | Became a worshipper of Dithmenos the Shadowed
  1768 | D:3      | Noticed Ijyb
  1785 | D:3      | Killed Ijyb
  1786 | D:3      | Reached skill level 1 in Poison Magic
  1786 | D:3      | Reached XP level 4. HP: 16/35 MP: 5/7
  2290 | D:3      | Noticed Sigmund
  2661 | D:3      | Noticed Grinder
  2671 | D:3      | Paralysed by Grinder for 4 turns
  2685 | D:3      | Killed Grinder
  2686 | D:3      | Reached skill level 5 in Unarmed Combat
  2686 | D:3      | Reached skill level 3 in Transmutations
  2686 | D:3      | Reached XP level 5. HP: 18/40 MP: 2/8
  2686 | D:3      | Reached XP level 6. HP: 21/47 MP: 2/9
  3953 | D:3      | Reached skill level 4 in Transmutations
  4063 | D:4      | Noticed Natasha
  4087 | D:4      | Killed Natasha
  4235 | D:4      | Reached * piety under Dithmenos
  4373 | D:4      | Found an ancient bone altar of Kikubaaqudgha.
  4407 | D:4      | Your scales start taking on a glossy black colour.
  4407 | D:4      | Reached XP level 7. HP: 50/52 MP: 10/10
  4407 | D:4      | Gained mutation: You are resistant to electric shocks.
                  | (rElec) [Black Draconian growth]
  4419 | D:4      | Noticed Natasha
  4432 | D:3      | Killed Natasha
  4512 | D:3      | Noticed Natasha
  4525 | D:3      | Killed Natasha
  4851 | D:4      | Found a staircase to the Ecumenical Temple.
  4876 | Temple   | Entered the Ecumenical Temple
  5253 | D:4      | Found a sparkling altar of Nemelex Xobeh.
  5391 | D:3      | Killed Sigmund
  5518 | D:5      | Entered Level 5 of the Dungeon
  5568 | D:5      | Reached skill level 5 in Transmutations
  5616 | D:5      | Noticed Duvessa
  5619 | D:5      | Noticed Dowan
  5626 | D:5      | Killed Dowan
  5665 | D:5      | Killed Duvessa
  5666 | D:5      | Reached XP level 8. HP: 31/59 MP: 8/11
  5980 | D:5      | Learned a level 2 spell: Swiftness
  6601 | D:5      | Reached skill level 1 in Air Magic
  6608 | D:5      | Reached skill level 6 in Transmutations
  7019 | D:5      | Noticed Menkaure
  7030 | D:5      | Killed Menkaure
  7130 | D:5      | Found a runed translucent door.
  7131 | D:5      | Noticed Crazy Yiuf
  7167 | D:5      | Noticed Prince Ribbit
  7179 | D:5      | Killed Prince Ribbit
  7501 | D:5      | Killed Crazy Yiuf
  7776 | D:6      | Learned a level 5 spell: Blade Hands
  7868 | D:6      | Reached ** piety under Dithmenos
  7869 | D:6      | Reached skill level 7 in Transmutations
  8308 | D:6      | You fall into a shaft and drop 1 floor!
  8348 | D:7      | Reached XP level 9. HP: 53/64 MP: 9/12
  8974 | D:7      | Reached skill level 8 in Transmutations
  9101 | D:7      | Found a glowing golden altar of the Shining One.
  9593 | D:7      | Reached *** piety under Dithmenos
 10050 | D:6      | Got a clouded ruby amulet
 10265 | D:7      | HP: 3/71 [poisoned by a killer bee]
 10266 | D:7      | Reached skill level 5 in Dodging
 10617 | D:8      | Reached skill level 9 in Transmutations
 10686 | D:8      | Reached XP level 10. HP: 55/78 MP: 13/13
 11009 | D:8      | Killed themself with a bounced orb of electricity

Illustrated notes

Levels and vault maps discovered:
D:1:      minmay_arrival_hallway, layout_loops_ring, minmay_split_cup_small
D:2:      layout_basic, chequers_temple_overflow_statue_of_worship
D:3:      layout_basic, uniq_ijyb, uniq_grinder, uniq_sigmund
D:4:      layout_rooms, kiku_gazebo_pond_becter, minmay_temple_entry_glass,
          nemelex_dance_club_becter, uniq_natasha
D:5:      layout_loops_corners, uniq_crazy_yiuf_cottage, uniq_duvessa,
          uniq_prince_ribbit1, uniq_menkaure
D:6:      layout_cave_pools, hex_large
D:7:      layout_loops_corners, overflow_temple_1_default
D:8:      layout_rooms, overflow_temple_1_default, david_defended_altar_orc
Temple:   regret_index_temple_generic_petals

Skill      XL: |  1  2  3  4  5  6  7  8  9 |
---------------+----------------------------+-----
Unarmed Combat | 4 5 6 7 8 |  8.6
Poison Magic   | 1 2 3 4 |  4.0
Transmutations | 3 4 5 7 9 |  9.1
Dodging        | 2 3 5 |  5.1
Air Magic      | 3 |  3.0
Fighting       | 4 |  4.3
Spellcasting   | |  2.5

Action                   |  1- 3 |  4- 6 |  7- 9 | 10-12 || total
-------------------------+-------+-------+-------+-------++-------
Melee: Unarmed           |   136 |   171 |   518 |    54 ||   879
       Tailslap          |    13 |    12 |    62 |    10 ||    97
       Headbutt          |     3 |       |       |       ||     3
       Punch             |     1 |     2 |    10 |     2 ||    15
       Kick              |     1 |       |       |       ||     1
 Cast: Beastly Appendage |     2 |       |       |       ||     2
       Spider Form       |       |     3 |    16 |       ||    19
  Use: Scroll            |       |     6 |     5 |       ||    11
       Potion            |       |       |     1 |       ||     1
 Stab: Sleeping          |     1 |       |     2 |       ||     3
       Distracted        |       |       |     1 |       ||     1
Armor: Skin              |    36 |    71 |   103 |    15 ||   225
Dodge: Dodged            |   106 |   114 |   559 |    70 ||   849
